 Dungeon Crawl Stone Soup version 0.31.0-32-g396128a36d (webtiles) character file.

Game seed: 16190301927345615066

2559 booth the Conjurer (level 9, -11/62 HPs)
             Began as a Red Draconian Air Elementalist on Apr 10, 2024.
             Was an Initiate of Sif Muna.
             Killed by divine providence
             ... invoked by an orc priest
              (12 damage)
             ... on level 8 of the Dungeon on Apr 13, 2024.
             The game lasted 00:57:22 (8542 turns).

booth the Conjurer (Red Draconian Air Elementalist) Turns: 8542, Time: 00:57:23

Health: -11/62     AC:  8    Str: 10    XL:     9   Next: 31%
Magic:  7/17       EV: 12    Int: 22    God:    Sif Muna [......]
Gold:   195        SH:  0    Dex: 16    Spells: 2/18 levels left

rFire   + . .        m - staff of conjuration
rCold   . . .        (no shield)
rNeg    . . .        (body armour unavailable)
rPois   .            (helmet restricted)
rElec   +            q - +0 cloak
rCorr   .            (no gloves)
SInv    .            (no boots)
Will    .....        s - amulet of magic regeneration
Stlth   +++          x - +6 ring of intelligence
HPRegen 0.30/turn    (no ring)
MPRegen 0.55/turn

%: no passive effects
@: very slightly contaminated
A: breathe fire, AC +7, unfitting armour, fire resistance 1, cold-blooded,
camouflage 1, electricity resistance
a: Breathe Fire, Renounce Religion


You were on level 8 of the Dungeon.
You worshipped Sif Muna.
Sif Muna was noncommittal.
You visited 2 branches of the dungeon, and saw 9 of its levels.

You collected 195 gold pieces.

Inventory:

Hand Weapons
 e - a +4 dagger of venom
 l - a +0 mace
 t - a +1 whip of electrocution
Missiles
 p - 13 poisoned darts
 r - 2 throwing nets
 u - 4 boomerangs (quivered)
 y - a curare-tipped dart
Armour
 q - a +0 cloak (worn)
Magical Staves
 m - a staff of conjuration (weapon)
Jewellery
 s - an amulet of magic regeneration (around neck)
 x - a +6 ring of intelligence (left hand)
Wands
 i - a wand of roots (6)
Scrolls
 b - 3 scrolls of fog
 f - a scroll of silence
 g - a scroll of poison
 v - a scroll of enchant weapon {unknown}
 w - a scroll of immolation {unknown}
Potions
 a - a potion of magic
 c - 6 potions of cancellation
 d - 3 potions of curing
 h - 2 potions of lignification
 j - a potion of haste {unknown}
 k - 2 potions of might
 n - 2 potions of enlightenment
 o - a potion of heal wounds {unknown}
 z - a potion of resistance {unknown}


   Skills:
 + Level 3.0 Staves
 - Level 1.8 Dodging
 - Level 1.8 Stealth
 + Level 5.4 Spellcasting
 + Level 6.4 Conjurations
 + Level 4.7 Fire Magic
 - Level 6.2 Air Magic
 + Level 3.1 Invocations
 + Level 4.0 Evocations


You had 2 spell levels left.
You knew the following spells:

 Your Spells              Type           Power      Damage    Failure   Level
a - Shock                 Conj/Air       100%       1d9       1%          1
b - Static Discharge      Conj/Air       100%       3-8/arc   1%          2
c - Swiftness             Air            33%        N/A       2%          3
d - Mercury Vapours       Alch/Air       38%        N/A       4%          2
e - Mephitic Cloud        Conj/Alch/Air  37%        N/A       4%          3
f - Airstrike             Air            16%        2d(3-19)  8%          4
g - Sandblast             Erth           12%        2d6       10%         1

Your spell library contained the following spells:

 Spells                   Type           Power      Damage    Failure   Level
 Stone Arrow              Conj/Erth      60%        3d10      8%          3
 Brom's Barrelling Bould  Conj/Erth      30%        2d5       26%         4
 Passwall                 Erth           6%         N/A       28%         3
 Summon Ice Beast         Ice/Summ       6%         N/A       28%         3
 Freezing Cloud           Conj/Ice/Air   18%        6-21      43%         5
 Summon Mana Viper        Hex/Summ       6%         N/A       95%         5
 Monstrous Menagerie      Summ           3%         N/A       100%        7


Dungeon Overview and Level Annotations

Branches:
Dungeon (8/15)             Temple (1/1) D:6
   Lair: D:8-11

Altars:
Ashenzari
Cheibriados
Dithmenos
Fedhas
Gozag
Hepliaklqana
Kikubaaqudgha
Makhleb
Nemelex Xobeh
Okawaru
Qazlal
Ru
Sif Muna
Trog
Uskayaw
Wu Jian
Xom
Zin
The Shining One

Shops:
D:1 *


Innate Abilities, Weirdness & Mutations

You can breathe blasts of fire.
Your fiery red scales are hard. (AC +7)
You cannot fit into any form of body armour.
Your flesh is heat resistant. (rF+)
You are cold-blooded and may be slowed by cold attacks.
Your skin changes colour to match your surroundings (Stealth+).
You are resistant to electric shocks. (rElec)


Message History

Aim: a manticore (heavily wounded, 88% to hit)
The blast of sand hits the manticore.
The manticore is heavily wounded.
The manticore bites you. The manticore claws you.
The manticore barely misses you.
You hit the manticore.
You blast the manticore.
The manticore is severely wounded.
The manticore barely misses you.
The manticore claws you but does no damage. x2
You hit the manticore. You tail-slap the manticore.
The manticore is severely wounded.
The manticore bites you! The manticore barely misses you.
The manticore claws you.
You barely miss the manticore.
The manticore is severely wounded.
You carefully extract the barbed spikes from your body.
The manticore bites you but does no damage.
The manticore barely misses you. The manticore claws you!
You completely miss the manticore.
You tail-slap the manticore, but do no damage.
The manticore is severely wounded.
An orc priest comes into view. It is wielding a +0 hand axe.
The manticore misses you.
The manticore claws you but does no damage. x2
Casting: Sandblast (safe; 10% risk of failure)
Confirm with . or Enter, or press ? or * to list all spells.
Aiming: Sandblast (safe; 10% risk of failure)
Press: ? - help, Shift-Dir - straight line, f/p - manticore
Aim: a manticore (severely wounded, 88% to hit)
The blast of sand hits the manticore but does no damage.
The manticore is severely wounded.
The manticore bites you!!
* * * LOW HITPOINT WARNING * * *
The manticore claws you.
* * * LOW HITPOINT WARNING * * *
The manticore claws you.
* * * LOW HITPOINT WARNING * * *
The orc priest calls down the wrath of Beogh upon you.
Beogh smites you!
You die...

... .## ## .... .. #
....### #.+...........###
.......###.#.............'
...o....H@.#............##
.)....###.....#####...####
..).. #.................
.... #....#............
... #....#............ ..
#....'..>......... .
#....##...........
#######...........
#...........


You could see a manticore and an orc priest.

Vanquished Creatures
  A troll (D:6)
  A steam dragon (D:7)
  A sky beast (D:7)
  An ice beast (D:7)
  A black bear (D:5)
  2 phantoms
  2 kobold brigands
  3 scorpions (D:6)
  10 wights
  A howler monkey (D:5)
  A crimson imp (D:4)
  A jelly (D:6)
  2 hounds
  4 orc priests
  Crazy Yiuf (D:4)
  7 iguanas
  2 sleepcaps
  Jessica (D:2)
  7 orc wizards
  4 gnolls (D:4)
  4 adders
  2 shadow imps (D:6)
  2 ufetubi (D:7)
  23 orcs
  8 endoplasms
  3 giant cockroaches
  6 goblins
  8 hobgoblins
  4 jackals (D:2)
  5 quokkas
  3 ball pythons
  A bat (D:1)
  3 frilled lizards
  15 kobolds
  6 rats
146 creatures vanquished.

Notes
Turn   | Place    | Note
-------+----------+-------------------------------------------
     0 | D:1      | booth the Draconian Air Elementalist began the quest for
                  | the Orb.
     0 | D:1      | Reached XP level 1. HP: 14/14 MP: 3/3
   385 | D:1      | Reached XP level 2. HP: 20/20 MP: 1/5
   388 | D:1      | Learned a level 2 spell: Static Discharge
   842 | D:1      | Found Appynacw's General Store.
  1134 | D:1      | Found a faded altar of an unknown god.
  1481 | D:2      | Reached XP level 3. HP: 24/26 MP: 1/6
  1562 | D:2      | Learned a level 3 spell: Swiftness
  1763 | D:2      | Noticed Jessica
  1769 | D:2      | Killed Jessica
  1943 | D:2      | Reached XP level 4. HP: 33/33 MP: 2/7
  2574 | D:3      | Learned a level 2 spell: Mercury Vapours
  3063 | D:4      | Noticed a phantom
  3080 | D:4      | Killed a phantom
  3081 | D:4      | Reached XP level 5. HP: 35/38 MP: 1/9
  3379 | D:4      | Reached skill level 5 in Air Magic
  3414 | D:4      | Reached XP level 6. HP: 41/45 MP: 2/10
  3652 | D:4      | Found a shimmering altar of Xom.
  3810 | D:4      | Learned a level 3 spell: Mephitic Cloud
  4270 | D:4      | Found a runed translucent door.
  4271 | D:4      | Noticed Crazy Yiuf
  4287 | D:4      | Found a burning altar of Makhleb.
  4340 | D:4      | Killed Crazy Yiuf
  4419 | D:5      | Entered Level 5 of the Dungeon
  4483 | D:5      | Reached skill level 1 in Evocations
  4483 | D:5      | Your scales start taking on a fiery red colour.
  4483 | D:5      | Reached XP level 7. HP: 45/50 MP: 4/12
  4483 | D:5      | Gained mutation: Your flesh is heat resistant. (rF+) [Red
                  | Draconian growth]
  4766 | D:5      | Reached skill level 1 in Fire Magic
  5540 | D:6      | Reached skill level 5 in Conjurations
  5588 | D:6      | Found a bloodstained altar of Trog.
  5614 | D:6      | Noticed a rust devil
  5614 | D:6      | Noticed a rust devil
  5624 | D:6      | Reached XP level 8. HP: 57/57 MP: 14/14
  5836 | D:6      | Found a staircase to the Ecumenical Temple.
  5993 | Temple   | Entered the Ecumenical Temple
  6206 | D:6      | Noticed a troll
  6326 | D:6      | Found a shadowy altar of Dithmenos.
  6326 | D:6      | Found a hazy altar of Hepliaklqana.
  6331 | D:6      | Found a snail-covered altar of Cheibriados.
  6334 | D:6      | Found a glowing golden altar of the Shining One.
  6338 | D:6      | Found an ornate altar of the Wu Jian Council.
  6341 | D:6      | Found a stormy altar of Qazlal.
  6348 | D:6      | Found an iron altar of Okawaru.
  6350 | D:6      | Found a blossoming altar of Fedhas.
  6480 | D:6      | Killed a troll
  6481 | D:6      | Reached skill level 1 in Staves
  6481 | D:6      | Reached skill level 1 in Invocations
  6622 | D:6      | Identified the +3 plate armour "Irrat" {^Drain Regen+
                  | Str+3}
  6745 | Temple   | Became a worshipper of Sif Muna the Loreminder
  7361 | D:7      | Reached skill level 5 in Spellcasting
  7528 | D:7      | Learned a level 4 spell: Airstrike
  7530 | D:7      | Learned a level 1 spell: Sandblast
  7808 | D:7      | Reached XP level 9. HP: 50/62 MP: 16/16
  8191 | D:7      | Found a sparkling altar of Nemelex Xobeh.
  8256 | D:7      | Gained mutation: Your skin changes colour to match your
                  | surroundings (Stealth+). [potion of mutation]
  8256 | D:7      | Gained mutation: You are resistant to electric shocks.
                  | (rElec) [potion of mutation]
  8271 | D:8      | Found an opulent altar of Gozag.
  8530 | D:8      | Noticed a manticore
  8542 | D:8      | HP: 1/62 [manticore (5)]
  8542 | D:8      | Killed from afar by an orc priest

Illustrated notes

Levels and vault maps discovered:
D:1:      minmay_arrival_split_and_join, layout_basic, serial_shops,
          nicolae_shop_waterfront, ebering_ecumenical_altar_ruins,
          minmay_misc_feat_cross
D:2:      layout_loops_ring, serial_rivers, chequers_serial_rivers_room_a,
          chequers_serial_rivers_micro_d, chequers_serial_rivers_micro_e,
          chequers_serial_rivers_small_b, minmay_misc_feat_ornament,
          uniq_jessica
D:3:      layout_basic
D:4:      layout_basic, grunt_temple_overflow_champion_of_chaos,
          kennysheep_generic_room_9, uniq_crazy_yiuf_cottage
D:5:      layout_loops_ring
D:6:      cheibrodos_iron_armory, layout_gridville,
          nicolae_overflow_hallway_of_the_gods,
          mainiacjoe_overflow_six_doors_small, temple_pool_b
D:7:      layout_rooms, nemelex_diamond_rough_becter
D:8:      layout_basic, nicolae_vehumet_altar_sigil, grunt_gozag_statues
Temple:   hellmonk_temple_flake

Skill      XL: |  1  2  3  4  5  6  7  8  9 |
---------------+----------------------------+-----
Conjurations   | 2 3 4 5 6 |  6.4
Air Magic      | 4 5 6 |  6.2
Spellcasting   | 3 4 5 |  5.4
Evocations     | 1 2 3 4 |  4.0
Fire Magic     | 2 4 |  4.7
Staves         | 2 3 |  3.0
Invocations    | 2 3 |  3.1
Dodging        | |  1.8
Stealth        | |  1.8

Action                     |  1- 3 |  4- 6 |  7- 9 || total
---------------------------+-------+-------+-------++-------
  Melee: Unarmed           |    18 |       |       ||    18
         Tailslap          |     5 |    11 |    25 ||    41
         Punch             |     1 |       |     5 ||     6
         Dagger            |    20 |    69 |   100 ||   189
         Staff             |       |       |    63 ||    63
  Throw: Boomerang         |       |       |     7 ||     7
   Cast: Shock             |    57 |    75 |   124 ||   256
         Static Discharge  |       |     5 |     3 ||     8
         Swiftness         |       |     1 |     2 ||     3
         Mercury Vapours   |       |     1 |     7 ||     8
         Mephitic Cloud    |       |     1 |     2 ||     3
         Airstrike         |       |       |    13 ||    13
         Sandblast         |       |       |     6 ||     6
    Use: Scroll            |     2 |     3 |     6 ||    11
         Potion            |     1 |     1 |     3 ||     5
   Stab: Sleeping          |     1 |       |     1 ||     2
 Armour: Skin              |    16 |    49 |   125 ||   190
  Dodge: Dodged            |    28 |    35 |   109 ||   172
